 Dungeon Crawl Stone Soup version 0.17-a0-1403-g9df874c (console) character file.

9547 hyperkellhus the Carver (level 11, -1/107 HPs)
             Began as a Minotaur Enchanter on June 20, 2015.
             Was a Priest of Okawaru.
             Hit by a tomahawk of returning thrown by an orc warrior (12 damage)
             ... on level 3 of the Orcish Mines.
             The game lasted 00:33:43 (16800 turns).

hyperkellhus the Carver (Minotaur Enchanter)       Turns: 16800, Time: 00:33:43

Health: -1/107     AC: 14    Str: 16    XL:     11   Next: 24%
Magic:  12/12      EV:  8    Int: 12    God:    Okawaru [***...]
Gold:   1114       SH:  0    Dex: 11    Spells: 1 memorised, 11 levels left

rFire  + . .     SeeInvis .     a - +0 falchion (venom)
rCold  . . .     Clarity  .     J - +0 plate armour
rNeg   . . .     SustAt   .     (no shield)
rPois  .         Gourm    .     P - +0 hat
rElec  .         Spirit   .     E - +0 cloak
rCorr  .         Warding  .     n - +1 pair of gloves
rMut   .         Stasis   .     (no boots)
MR     .....                    i - amulet of rage
Stlth  ..........               V - +3 ring of evasion
                                f - ring of protection from fire

@: not resistant to hostile enchantments, extremely unstealthy
A: retaliatory headbutt, horns 2
a: Heroism, Renounce Religion, Evoke Berserk Rage


You were on level 3 of the Orcish Mines.
You worshipped Okawaru.
Okawaru was most pleased with you.
You were hungry.

You visited 3 branches of the dungeon, and saw 15 of its levels.

You collected 1114 gold pieces.

Inventory:

Hand weapons
 a - a +0 falchion of venom (weapon)
 b - a +0 blowgun
 C - a +0 long sword
Missiles
 L - 2 poisoned needles
Armour
 n - a +1 pair of gloves (worn)
 E - a +0 cloak (worn)
 J - a +0 plate armour (worn)
 P - a +0 hat (worn)
 Z - a +1 robe
Jewellery
 f - a ring of protection from fire (left hand)
 i - an amulet of rage (around neck)
 B - a +3 ring of dexterity
 M - an uncursed ring of protection from cold
 V - a +3 ring of evasion (right hand)
Magical devices
 v - a wand of slowing (22)
 F - a wand of cold (7)
 K - a wand of digging (6)
 R - a wand of cold (2)
 S - a wand of paralysis (5)
 T - a wand of fireball (6)
 X - a wand of draining (2)
 Y - a wand of enslavement (10)
Scrolls
 k - a scroll of teleportation
 m - a scroll of magic mapping
 p - 9 scrolls of identify
 w - 11 scrolls of remove curse
 z - 2 scrolls of enchant armour
 G - 4 scrolls of amnesia
 I - a scroll of enchant weapon
Potions
 h - 2 potions of ambrosia {unknown}
 j - 2 potions of cure mutation {unknown}
 q - a potion of haste {unknown}
 r - 4 potions of might
 s - a potion of mutation {unknown}
 D - a potion of brilliance {unknown}
 N - 3 potions of flight {unknown}
 Q - a potion of berserk rage {unknown}
 W - 4 potions of curing {unknown}
Books
 c - a book of Maledictions

   Spells                             Type                      Level
   a - Corona                         Hexes                        1
   b - Ensorcelled Hibernation        Hexes/Ice                    2
   c - Confuse                        Hexes                        3
   d - Tukima's Dance                 Hexes                        3
   e - Dazzling Spray                 Conjuration/Hexes            3
 e - a book of Minor Magic

   Spells                             Type                      Level
   a - Magic Dart                     Conjuration                  1
   b - Blink                          Translocation                2
   c - Call Imp                       Summoning                    2
   d - Repel Missiles                 Charms/Air                   2
   e - Slow                           Hexes                        2
   f - Conjure Flame                  Conjuration/Fire             3
   g - Mephitic Cloud                 Conjuration/Poison/Air       3
Comestibles
 d - 5 bread rations
 o - 9 slices of pizza
 x - 2 meat rations
 H - 3 fruits
 O - 11 chunks of flesh
 U - 2 beef jerkies


   Skills:
 - Level 13.0 Fighting
   Level 1.1(9.3) Short Blades
 - Level 14.9(15.0) Long Blades
 + Level 3.4 Armour
 - Level 2.1 Dodging
 - Level 2.4 Stealth
 - Level 1.3 Spellcasting
 - Level 2.0 Hexes


You had 11 spell levels left.
You knew the following spells:

 Your Spells              Type           Power        Failure   Level  Hunger
a - Corona                Hex            #......      100%        1    ##.....


Dungeon Overview and Level Annotations

Branches:
Dungeon (11/15)            Temple (1/1) D:7            Lair (0/8) D:10
    Orc (3/4) D:10            Elf (0/3) Orc:3

Altars:
Ashenzari
Cheibriados
Dithmenos
Elyvilon
Fedhas
Gozag
Kikubaaqudgha
Makhleb
Nemelex Xobeh
Okawaru
Qazlal
Ru
Sif Muna
Trog
Vehumet
Xom
Yredelemnul
Zin
The Shining One

Annotations:
D:3 Zebura's ghost, average DrTm
D:4 exclusions: scorpion and 1 more exclusion
D:10 exclusion: oklob plant
D:11 Josephine


Innate Abilities, Weirdness & Mutations

You reflexively headbutt those who attack you in melee.
You have a pair of horns on your head.


Message History

Drink which item? (? for menu, Esc to quit)
Okay, then.
The orc warrior throws a tomahawk of returning.
The tomahawk of returning hits you!
* * * LOW HITPOINT WARNING * * *
The weapon returns to the orc warrior!
Drink which item? (? for menu, Esc to quit)
Okay, then.
Evoke which item? (* to show all) (? for menu, Esc to quit)
Zapping:
F - a wand of cold (will waste charges)
Press: ? - help, Shift-Dir - straight line, f - orc priest
Aim: an orc priest, wielding a hand axe The bolt of cold hits the orc warrior.
The orc warrior is heavily wounded.
The bolt of cold hits the orc priest.
The orc priest is severely wounded.
Evoking this partially-identified wand wasted a few charges.
The orc warrior throws a tomahawk of returning.
The tomahawk of returning hits you!
You die...

###......# ## **#...<.###
####. #**,#.)#....#
##.#.. *#......#.()###
###..... *.....#####...##
#≈..≈... *#....,** #....#
#....≈≈. #.....,,*##((..#
##..≈≈≈.
##..#..###oo...####...≈≈.
####...@)....(..##......
#..>.....#...).....#.
#......##..#.)...###.
####..####.#####≈# ##
#..# ### ### #.## ###


You could see an orc warrior and an orc priest.

Vanquished Creatures
  Erolcha (D:10)
  The ghost of Noname the Carver, an experienced OpAs of Ru (D:9)
  An unseen horror (D:10)
  Pikel (D:7)
  A gargoyle (D:10)
  A troll (D:10)
  A wraith (D:10)
  A yak (D:10)
  A wyvern (D:10)
  A hog (D:9)
  A human (D:10)
  A hippogriff (D:8)
  4 vampire mosquitoes (D:10)
  A warg (Orc:3)
  3 water moccasins
  3 orc warriors
  A sky beast (D:6)
  A slave (D:7)
  2 wasps
  A black bear (D:9)
  3 ice beasts
  7 ogres
  An eye of draining (D:8)
  6 centaurs
  A big kobold (D:9)
  7 giant frogs
  3 jellies
  8 killer bees
  4 scorpions
  4 crimson imps
  A giant frog zombie (D:9)
  A quasit (D:10)
  Crazy Yiuf (D:7)
  7 orc priests
  3 centaur skeletons
  3 hounds
  13 orc wizards
  2 iguanas
  2 worker ants
  2 sheep (D:10)
  2 hound skeletons
  A worker ant zombie (D:8)
  Robin (D:3)
  14 adders
  6 gnolls (D:6)
  A river rat (D:6)
  3 shadow imps
  3 oozes
  2 worms (D:4)
  An adder skeleton (D:5)
  An adder zombie (D:5)
  9 giant geckos
  60 orcs
  3 ball pythons
  17 bats
  2 bat skeletons
  A bat zombie (D:6)
  13 giant cockroaches
  31 goblins
  22 hobgoblins
  22 jackals
  17 kobolds
  4 quokkas
  7 giant newts
  A quokka skeleton (D:9)
  13 rats
364 creatures vanquished.

Vanquished Creatures (collateral kills)
  A killer bee (Temple)
  An orc (Temple)
2 creatures vanquished.

Vanquished Creatures (others)
  A crimson imp (D:7)
  A shadow imp (D:7)
  A plant (D:10)
3 creatures vanquished.

Grand Total: 369 creatures vanquished

Notes
Turn   | Place    | Note
--------------------------------------------------------------
     0 | D:1      | hyperkellhus the Minotaur Enchanter began the quest for the Orb.
     0 | D:1      | Reached XP level 1. HP: 14/14 MP: 1/1
    34 | D:1      | Reached skill level 1 in Fighting
   214 | D:1      | Reached XP level 2. HP: 21/24 MP: 3/3
   322 | D:1      | Found a snail-covered altar of Cheibriados.
   565 | D:1      | Reached skill level 3 in Fighting
   678 | D:1      | Reached XP level 3. HP: 27/31 MP: 4/4
  1319 | D:2      | Reached skill level 4 in Fighting
  1438 | D:2      | Reached XP level 4. HP: 31/41 MP: 3/5
  1808 | D:3      | Reached skill level 5 in Fighting
  1837 | D:3      | Noticed Zebura's ghost (average DrTm)
  2053 | D:3      | Found a sacrificial altar of Ru.
  2184 | D:3      | Reached XP level 5. HP: 39/50 MP: 4/6
  2234 | D:3      | Reached skill level 6 in Fighting
  2698 | D:3      | Found a burning altar of Makhleb.
  2698 | D:3      | Found a shimmering altar of Xom.
  3041 | D:4      | Noticed a phantom
  3085 | D:4      | Reached skill level 7 in Fighting
  3603 | D:4      | Reached XP level 6. HP: 55/60 MP: 7/7
  3891 | D:4      | Noticed a phantom
  4390 | D:4      | Noticed Robin
  4487 | D:3      | Killed Robin
  4487 | D:3      | Reached skill level 8 in Fighting
  4915 | D:5      | Entered Level 5 of the Dungeon
  4935 | D:5      | Noticed a water moccasin
  5107 | D:5      | Reached XP level 7. HP: 67/69 MP: 8/8
  5209 | D:5      | Found a shattered altar of Ashenzari.
  5239 | D:5      | Killed a water moccasin
  5239 | D:5      | Reached skill level 9 in Fighting
  5340 | D:4      | Reached skill level 10 in Fighting
  5600 | D:5      | Found a glowing silver altar of Zin.
  5610 | D:5      | Found a snail-covered altar of Cheibriados.
  6383 | D:6      | Reached XP level 8. HP: 24/81 MP: 9/9
  6477 | D:6      | Reached skill level 11 in Fighting
  7311 | D:6      | Reached skill level 12 in Fighting
  8087 | D:7      | Found a glowing golden altar of the Shining One.
  8106 | D:7      | Reached skill level 13 in Fighting
  8109 | D:7      | Found a staircase to the Ecumenical Temple.
  8137 | Temple   | Entered the Ecumenical Temple
  8227 | Temple   | Became a worshipper of Warmaster Okawaru
  8245 | D:7      | Reached skill level 1 in Long Blades
  8625 | Temple   | Reached XP level 9. HP: 51/93 MP: 10/10
  9219 | D:7      | Reached skill level 5 in Long Blades
  9240 | D:7      | Noticed Pikel
  9268 | D:7      | Killed Pikel
  9268 | D:7      | Acquired Okawaru's first power
  9881 | D:7      | Noticed Crazy Yiuf
  9901 | D:7      | Killed Crazy Yiuf
 10534 | D:8      | Found a white marble altar of Elyvilon.
 10656 | D:8      | Found a white marble altar of Elyvilon.
 10685 | D:8      | Reached skill level 10 in Long Blades
 11158 | D:9      | Reached XP level 10. HP: 94/101 MP: 11/11
 11529 | D:9      | Noticed Noname's ghost (experienced OpAs)
 11553 | D:9      | Killed Noname's ghost
 11901 | D:10     | Entered Level 10 of the Dungeon
 12130 | D:10     | Paralysed by a wasp for 2 turns
 12876 | D:10     | Found a staircase to the Lair.
 12879 | D:10     | Found a staircase to the Orcish Mines.
 12879 | D:10     | Noticed Erolcha
 12975 | D:10     | Noticed an oklob plant
 12984 | D:10     | Killed Erolcha
 13887 | D:10     | Reached skill level 14 in Long Blades
 13918 | D:9      | Received a gift from Okawaru
 14503 | D:10     | Reached XP level 11. HP: 82/107 MP: 12/12
 14547 | D:10     | HP: 4/107 [something (3)]
 14551 | D:10     | Killed an unseen horror
 15127 | D:11     | Noticed Josephine
 15693 | Orc:1    | Entered Level 1 of the Orcish Mines
 15868 | Orc:1    | Reached skill level 1 in Armour
 16575 | Orc:3    | Found a staircase to the Elven Halls.
 16800 | Orc:3    | Hit by a tomahawk of returning thrown by an orc warrior

Vault maps used:
D:1:      onia_arrival_pyramid, hangedman_decor_clover_reticule,
          cheibriados_altar_1
D:3:      grunt_temple_overflow_champion_of_chaos,
          nicolae_ru_great_annihilating_truth, first_bread
D:4:      kennysheep_goblin_castle
D:5:      grunt_temple_overflow_open, cheibrodos_ashenzari_chains
D:6:      gup_sewer_entry_bubbles
D:7:      minmay_temple_entry_glass, basic_altar, uniq_crazy_yiuf_cottage,
          uniq_pikel
D:8:      elyvilon_altar_5, basic_altar
D:10:     dpeg_oklobed_lair, orc_0_dummy, grunt_livestock, uniq_erolcha
D:11:     kennysheep_generic_room_6, uniq_josephine, uniq_erica
Temple:   circular_temple_12
Orc:2:    sword_in_stone
Orc:3:    enter_bailey_2, nicolae_orc_pool_cavern, abandoned_shop, uniq_urug

Action                   |  1- 3 |  4- 6 |  7- 9 | 10-12 || total
-------------------------+-------+-------+-------+-------++-------
Melee: Dagger            |   146 |   280 |       |       ||   426
       War axe           |       |    31 |    36 |       ||    67
       Quarterstaff      |       |       |   117 |       ||   117
       Long sword        |       |       |   238 |   473 ||   711
       Unarmed           |       |       |     5 |       ||     5
       Falchion          |       |       |       |     1 ||     1
 Fire: Blowgun           |       |       |       |    10 ||    10
 Cast: Corona            |     3 |     7 |       |       ||    10
Invok: Heroism           |       |       |       |     2 ||     2
Evoke: Wand              |       |       |     6 |     1 ||     7
  Use: Scroll            |     1 |       |    13 |     4 ||    18
       Potion            |       |     1 |       |     2 ||     3
 Stab: Sleeping          |     3 |     4 |     4 |       ||    11
       Invisible         |       |     1 |       |       ||     1
       Distracted        |       |       |     2 |     1 ||     3
  Eat: Chunk             |     2 |    12 |    18 |     9 ||    41
       Royal jelly       |       |       |     1 |       ||     1
       Fruit             |       |       |       |     3 ||     3
       Pizza             |       |       |       |     1 ||     1
       Bread ration      |       |       |       |     1 ||     1
